 Dungeon Sprint DCSS version 0.26-a0-1107-g6118521029 (webtiles) character file.

Game seed: 9289835081854547593

30 sahdkjhfkaj the Chiller (level 3, 27/27 HPs)
             Began as a Gnoll Ice Elementalist on Dec 16, 2020.
             Was an Initiate of Ru.
             Quit the game in the Dungeon (Sprint VII: "The Pits").
             The game lasted 00:01:12 (251 turns).

sahdkjhfkaj the Chiller (Gnoll Ice Elementalist)     Turns: 251, Time: 00:01:13

Health: 27/27      AC:  2    Str: 10    XL:     3   Next: 18%
Magic:  9/9        EV: 15    Int: 18    God:    Ru [......]
Gold:   0          SH:  0    Dex: 15    Spells: 8/12 levels left

rFire    . . .     SeeInvis .     - Unarmed
rCold    . . .     Faith    .   (no shield)
rNeg     . . .     Spirit   .   a - +0 robe
rPois    .         Reflect  .   (no helmet)
rElec    .         Harm     .   (no cloak)
rCorr    .         Rampage  .   (no gloves)
Will     .....     NoTele   +   (no boots)
Stlth    +++.......             (no amulet)
HPRegen  0.09/turn              (no ring)
MPRegen  0.11/turn              (no ring)

@: no status effects
A: distributed training, fangs 1, strong nose
a: Sacrifice Courage, Sacrifice Arcana, Sacrifice Essence, Reject Sacrifices,
Renounce Religion


You were in the Dungeon.
You worshipped Ru.
Ru was noncommittal.
You visited 1 branch

Inventory:

Armour
 a - a +0 robe (worn)
Scrolls
 h - a scroll of blinking
 i - 3 scrolls of remove curse
 j - 5 scrolls of amnesia
 k - a scroll of summoning
Potions
 b - 2 potions of invisibility
 c - a potion of curing
 d - a potion of heal wounds
 e - a potion of haste
 f - 4 potions of magic
 g - 3 potions of berserk rage


   Skills:
 + Level 1.8 Fighting
 + Level 1.8 Short Blades
 + Level 1.8 Long Blades
 + Level 1.8 Axes
 + Level 1.8 Maces & Flails
 + Level 1.8 Polearms
 + Level 1.8 Staves
 + Level 1.8 Slings
 + Level 1.8 Bows
 + Level 1.8 Crossbows
 + Level 1.8 Throwing
 + Level 1.8 Armour
 + Level 4.9 Dodging
 + Level 4.5 Stealth
 + Level 1.8 Shields
 + Level 1.8 Unarmed Combat
 + Level 5.3 Spellcasting
 + Level 1.4 Conjurations
 + Level 1.4 Hexes
 + Level 1.4 Summonings
 + Level 1.4 Necromancy
 + Level 1.4 Translocations
 + Level 1.4 Transmutations
 + Level 1.4 Fire Magic
 + Level 7.2 Ice Magic
 + Level 1.4 Air Magic
 + Level 1.4 Earth Magic
 + Level 1.4 Poison Magic
 + Level 2.0 Invocations
 + Level 1.8 Evocations


You had 8 spell levels left.
You knew the following spells:

 Your Spells              Type           Power        Failure   Level
a - Freeze                Ice            ####         1%          1
b - Frozen Ramparts       Ice            ####..       1%          3

Your spell library contained the following spells:

 Spells                   Type           Power        Failure   Level
 Ozocubu's Armour         Ice            ####....     1%          3
 Hailstorm                Conj/Ice       ###.....     22%         4
 Summon Ice Beast         Ice/Summ       ###.....     22%         4


Dungeon Overview and Level Annotations

Branches:
Dungeon (1/1)

Altars:
Ashenzari
Cheibriados
Dithmenos
Elyvilon
Fedhas
Gozag
Hepliaklqana
Kikubaaqudgha
Makhleb
Nemelex Xobeh
Okawaru
Qazlal
Ru
Sif Muna
Trog
Uskayaw
Vehumet
Wu Jian
Xom
Yredelemnul
Zin
The Shining One
Beogh
Jiyva
Lugonu


Innate Abilities, Weirdness & Mutations

Your experience applies equally to all skills.
You have very sharp teeth.
Your uncanny sense of smell can sniff out nearby items.


Message History

You finish memorising.
Spell assigned to 'b'.
There is an open door here.
Casting: Freeze (safe; 1% risk of failure)
Confirm with . or Enter, or press ? or * to list all spells.
You can't see any susceptible monsters within range! (Use Z to cast anyway.)
Casting: Freeze (safe; 1% risk of failure)
Confirm with . or Enter, or press ? or * to list all spells.
Okay, then.
Casting: Freeze (safe; 1% risk of failure)
Confirm with . or Enter, or press ? or * to list all spells.
Casting: Frozen Ramparts (safe; 1% risk of failure)
Press: ? - help, Dir - look around An open door.
You can't see any targets that would be affected.
The walls around you are covered in ice.
You start resting.
The frozen ramparts melt away.
You start resting.
Magic restored.
Are you sure you want to abandon this character and quit the game? (Confirm with "yes".)

#_________.#
#_______...###########+
##########'##..........
#.?(.')))'.##......#..#
##########.##..........
#...........'..........
#+#####'#####......#..#
#...††#∆∆ #..........
#...@.#∆∆ ####'#####+
###'###∆∆ #.......#
#.....#∆∆ #.......#
#.....#∆∆ #.......#
####+## #...<...#
#.......# #.......#
#.......# #########


There were no monsters in sight!

Vanquished Creatures
  A gnoll (D)
  An adder (D)
  A giant cockroach (D)
  7 jackals (D)
10 creatures vanquished.

Notes
Turn   | Place    | Note
-------+----------+-------------------------------------------
     0 | D        | sahdkjhfkaj the Gnoll Ice Elementalist began the quest for
                  | the Orb.
     0 | D        | Reached XP level 1. HP: 13/13 MP: 6/6
    23 | D        | Found a bloodstained altar of Trog.
    23 | D        | Found a shimmering blue altar of Sif Muna.
    23 | D        | Found a viscous altar of Jiyva.
    23 | D        | Found a hazy altar of Hepliaklqana.
    23 | D        | Found an opulent altar of Gozag.
    24 | D        | Found a glowing golden altar of the Shining One.
    24 | D        | Found a glowing silver altar of Zin.
    24 | D        | Found a basalt altar of Yredelemnul.
    24 | D        | Found a shimmering altar of Xom.
    24 | D        | Found an ornate altar of the Wu Jian Council.
    24 | D        | Found a sacrificial altar of Ru.
    24 | D        | Found a stormy altar of Qazlal.
    24 | D        | Found an iron altar of Okawaru.
    24 | D        | Found a sparkling altar of Nemelex Xobeh.
    24 | D        | Found a burning altar of Makhleb.
    24 | D        | Found a blossoming altar of Fedhas.
    24 | D        | Found a white marble altar of Elyvilon.
    24 | D        | Found a shadowy altar of Dithmenos.
    24 | D        | Found a snail-covered altar of Cheibriados.
    25 | D        | Found a radiant altar of Vehumet.
    25 | D        | Found a corrupted altar of Lugonu.
    25 | D        | Found a roughly hewn altar of Beogh.
    26 | D        | Found a hide-covered altar of Uskayaw.
    26 | D        | Found an ancient bone altar of Kikubaaqudgha.
    26 | D        | Found a broken altar of Ashenzari.
    30 | D        | Became a worshipper of Ru the Awakened
    65 | D        | Reached skill level 5 in Spellcasting
    65 | D        | Reached skill level 1 in Invocations
    66 | D        | Reached skill level 1 in Fighting
    66 | D        | Reached skill level 1 in Short Blades
    66 | D        | Reached skill level 1 in Long Blades
    66 | D        | Reached skill level 1 in Axes
    66 | D        | Reached skill level 1 in Maces & Flails
    66 | D        | Reached skill level 1 in Polearms
    66 | D        | Reached skill level 1 in Staves
    66 | D        | Reached skill level 1 in Slings
    66 | D        | Reached skill level 1 in Bows
    66 | D        | Reached skill level 1 in Crossbows
    66 | D        | Reached skill level 1 in Throwing
    66 | D        | Reached skill level 1 in Armour
    66 | D        | Reached skill level 1 in Shields
    66 | D        | Reached skill level 1 in Unarmed Combat
    66 | D        | Reached skill level 1 in Evocations
    67 | D        | Reached XP level 2. HP: 17/21 MP: 1/8
    80 | D        | Reached skill level 1 in Conjurations
    80 | D        | Reached skill level 1 in Hexes
    80 | D        | Reached skill level 1 in Summonings
    80 | D        | Reached skill level 1 in Necromancy
    80 | D        | Reached skill level 1 in Translocations
    80 | D        | Reached skill level 1 in Transmutations
    80 | D        | Reached skill level 1 in Fire Magic
    80 | D        | Reached skill level 1 in Air Magic
    80 | D        | Reached skill level 1 in Earth Magic
    80 | D        | Reached skill level 1 in Poison Magic
   178 | D        | Reached XP level 3. HP: 26/27 MP: 4/9
   223 | D        | Learned a level 3 spell: Frozen Ramparts
   251 | D        | Quit the game

Illustrated notes

Levels and vault maps discovered:
D:        pitsprint [storerooms_1, entrance_room_1, metal_vault_2, armoury_2,
          mini_pit_1, grid_room_1, main_hall_1, silver_pit, the_coven_3,
          the_vestibule_1, steel_vault_5, golden_pit, hallway_of_sentries,
          crystal_vault_6, iron_vault_3, final_vault]

Skill      XL: |  1  2 |
---------------+-------+-----
Spellcasting   | 5 |  5.3
Invocations    | 1 2 |  2.0
Fighting       | 1 |  1.8
Short Blades   | 1 |  1.8
Long Blades    | 1 |  1.8
Axes           | 1 |  1.8
Maces & Flails | 1 |  1.8
Polearms       | 1 |  1.8
Staves         | 1 |  1.8
Slings         | 1 |  1.8
Bows           | 1 |  1.8
Crossbows      | 1 |  1.8
Throwing       | 1 |  1.8
Armour         | 1 |  1.8
Shields        | 1 |  1.8
Unarmed Combat | 1 |  1.8
Evocations     | 1 |  1.8
Conjurations   | 1 |  1.4
Hexes          | 1 |  1.4
Summonings     | 1 |  1.4
Necromancy     | 1 |  1.4
Translocations | 1 |  1.4
Transmutations | 1 |  1.4
Fire Magic     | 1 |  1.4
Air Magic      | 1 |  1.4
Earth Magic    | 1 |  1.4
Poison Magic   | 1 |  1.4
Dodging        | |  4.9
Stealth        | |  4.5
Ice Magic      | |  7.2

Action                   || total
-------------------------++-------
Melee: Unarmed           ||    22
       Bite              ||     4
 Cast: Freeze            ||    12
       Frozen Ramparts   ||     1
 Stab: Sleeping          ||     1
Armor: Robe              ||    10
Dodge: Dodged            ||    38

Table legend: (Time is in decaauts)
 A = Elapsed time spent in this place.
 B = Non-inter-level travel time spent in this place.
 C = Inter-level travel time spent in this place.
 D = Time resting spent in this place.
 E = Time spent auto-exploring this place.
 F = Levels seen in this place.
 G = Mean time per level.
                   A        B        C        D        E       F      G
               +--------+--------+--------+--------+--------+-----+--------+
         Total |    251 |    251 |      0 |    142 |      0 |   1 |  251.0 |
       Dungeon |    251 |    251 |      0 |    142 |      0 |   1 |  251.0 |
               +--------+--------+--------+--------+--------+-----+--------+

Top non-repeatable levels by time:
       D: 251 daAuts
